Map: Ulrena

Players

Jhyrachy

  • Race: Zerg Zerg
  • League: Gold

White - Winner!

  • Race: Zerg Zerg
  • League: Gold

VOD

Have the link to the VOD?

Description

Time

  • Played on: April 18, 2016, 10:03 a.m.
  • Length: 13:45
Show
View Real Time Build Order
Export as new Build Order

Jhyrachy Zerg 

Build Orders: Pool First, Lurkers 

Get SALT Encoding   

  12  0:01  Drone  
  13  0:13  Drone  
  14  0:17  Overlord  
  14  0:33  Extractor, Drone  
  14  0:43  Spawning Pool  
  14  0:44  Drone  
  14  0:49  Drone  
  15  0:51  Drone  
  16  0:58  Drone  
  17  1:09  Drone  
  18  1:18  Drone  
  19  1:29  Overlord  
  19  1:30  Queen  
  21  1:35  Metabolic Boost  
  21  1:40  Zergling x2  
  22  1:51  Zergling x2  
  23  2:01  Roach Warren  
  23  2:05  Drone  
  23  2:18  Overlord  
  22  2:42  Roach  
  22  2:43  Roach x4  
  31  3:11  Roach x2  
  35  3:15  Roach  
  35  3:16  Overlord  
  37  3:30  Drone  
  37  3:32  Overlord  
  38  3:54  Hatchery  
  37  3:57  Ravager x2  
  39  4:23  Roach x3  
  45  4:25  Roach  
  47  4:31  Drone  
  47  4:32  Drone  
  49  4:41  Extractor  
  49  4:43  Drone x3  
  51  4:58  Lair  
  51  5:01  Drone x2  
  51  5:02  Drone  
  54  5:12  Queen  
  54  5:14  Drone x2  
  58  5:17  Extractor  
  58  5:21  Overlord  
  57  5:23  Drone x2  
  59  5:45  Drone  
  59  5:46  Drone x4  
  59  5:47  Drone  
  65  5:52  Extractor  
  64  6:00  Spire  
  58  6:28  Drone x3  
  58  6:29  Drone, Overlord  
  58  6:30  Overlord x2  
  62  6:53  Queen  
  58  7:12  Mutalisk  
  58  7:13  Mutalisk x7  
  58  7:15  Mutalisk  
  75  7:57  Hatchery  
  76  8:20  Roach x9  
  92  8:27  Evolution Chamber  
  91  8:45  Queen  
  91  8:46  Hydralisk Den  
  82  9:23  Queen  
  84  9:30  Lurker Den  
  84  9:35  Drone x6  
  84  9:38  Overlord x4  
  90  10:06  Zerg Missile Weapons Level 1  
  90  10:21  Hydralisk  
  90  10:22  Hydralisk x15  
  122  11:00  Overlord x2  
  122  11:01  Overlord  
  122  11:18  Lurker x2  
  122  11:19  Lurker x8  
  116  12:05  Spore Crawler  
  116  12:06  Spore Crawler  
  114  12:11  Spore Crawler  
  79  12:58  Overlord x3  
  77  13:02  Spore Crawler x2  
  58  13:42  Spore Crawler  
Show
View Real Time Build Order
Export as new Build Order

White Zerg - Winner!

Build Orders: Pool First 

Get SALT Encoding   

  12  0:01  Drone  
  13  0:09  Drone  
  14  0:16  Extractor, Drone  
  14  0:33  Spawning Pool  
  13  0:37  Drone  
  13  0:42  Extractor  
  13  0:44  Drone  
  15  0:54  Overlord  
  15  1:13  Drone x2  
  15  1:14  Drone  
  18  1:22  Metabolic Boost  
  18  1:30  Queen  
  20  1:33  Zergling x2  
  21  1:41  Overlord  
  21  1:50  Baneling Nest  
  21  1:52  Zergling x2  
  21  2:02  Zergling x2  
  22  2:12  Zergling x2  
  23  2:19  Zergling x2  
  24  2:38  Zergling x2  
  25  2:45  Zergling x2  
  25  2:46  Zergling x4  
  28  3:00  Baneling x2  
  28  3:01  Baneling x2  
  28  3:06  Hatchery, Zergling x4  
  28  3:11  Overlord  
  28  3:32  Roach Warren  
  27  3:46  Overlord  
  27  3:47  Drone x4  
  31  3:59  Drone  
  32  4:05  Extractor  
  32  4:06  Evolution Chamber  
  30  4:23  Drone x4, Overlord  
  34  4:25  Queen  
  36  4:39  Zerg Missile Weapons Level 1  
  36  4:44  Drone x3  
  36  4:45  Drone  
  40  4:48  Drone  
  40  4:51  Drone  
  42  4:59  Overlord  
  42  5:07  Drone, Spine Crawler  
  42  5:11  Drone  
  42  5:13  Drone  
  44  5:27  Drone x4  
  44  5:28  Overlord  
  48  5:33  Extractor  
  47  5:45  Overlord  
  47  5:47  Drone x2  
  47  5:48  Drone x4  
  50  6:17  Overlord  
  50  6:18  Overlord  
  50  6:24  Extractor  
  49  6:28  Lair  
  49  6:29  Spine Crawler  
  41  7:23  Spore Crawler  
  41  7:25  Spore Crawler  
  41  7:26  Hatchery  
  41  7:28  Spore Crawler  
  37  7:30  Hydralisk Den  
  37  7:33  Spore Crawler  
  37  7:35  Spore Crawler x2  
  33  7:55  Spore Crawler  
  32  7:58  Hydralisk  
  32  7:59  Hydralisk x7  
  32  8:00  Hydralisk x6  
  32  8:01  Hydralisk x3  
  66  8:21  Spire  
  65  8:49  Drone x7  
  65  8:50  Drone x3  
  49  9:40  Overseer  
  50  9:45  Zergling x4  
  50  9:46  Zergling x2  
  50  10:02  Overlord x2  
  50  10:15  Mutalisk  
  50  10:16  Mutalisk x7  
  50  10:17  Mutalisk  
  50  10:20  Overlord x3  
  68  10:36  Mutalisk x5  
  68  10:37  Mutalisk  
  80  10:45  Mutalisk x5  
  86  11:54  Mutalisk x7  
  82  11:55  Mutalisk x2  
  100  12:36  Mutalisk  
  100  12:37  Mutalisk x3  
  91  13:04  Mutalisk  
  91  13:05  Mutalisk  
Tags
 
Composition
Lurkers
League
GoldGold
Matchup
ZvZ
Race
Zerg
Add a new tag
Caveats
  • Supply blocks, unpowered buildings, or Contaminate may cause inaccurate times.
  • Supply counts are checked every 10 seconds.